 Dungeon Crawl Stone Soup version 0.26-a0-662-g8b9c6dab81 (webtiles) character file.

Game seed: 15597488309081386551

17842 snetch the Cleaver (level 12, 0/107 HPs)
             Began as a Minotaur Berserker on Oct 8, 2020.
             Was a High Priest of Trog.
             Killed by divine providence
             ... invoked by an orc priest
              (11 damage)
             ... on level 12 of the Dungeon on Oct 9, 2020.
             The game lasted 00:52:45 (14086 turns).

snetch the Cleaver (Minotaur Berserker)            Turns: 14086, Time: 00:52:45

Health: 0/107      AC: 14    Str: 26    XL:     12   Next: 22%
Magic:  9/11       EV: 11    Int:  4    God:    Trog [*****.]
Gold:   760        SH:  0    Dex: 11    Spells: 11/11 levels left

rFire    . . .     SeeInvis +   a - +7 battleaxe
rCold    + + .     Faith    .   (shield currently unavailable)
rNeg     . . .     Spirit   .   h - +1 chain mail {rC+}
rPois    .         Reflect  .   (helmet restricted)
rElec    .         Harm     .   M - scarf {+Inv}
rCorr    .         Rampage  .   K - +0 pair of gloves
MR       ++...                  (no boots)
Stlth    ..........             (no amulet)
HPRegen  1.27/turn              s - ring of see invisible
MPRegen  0.12/turn              O - ring of protection from cold

@: very slightly contaminated, regenerating, invisible
A: retaliatory headbutt, horns 2
a: Berserk, Trog's Hand, Brothers in Arms, Renounce Religion


You were on level 12 of the Dungeon.
You worshipped Trog.
Trog was extremely pleased with you.
You visited 2 branches of the dungeon, and saw 14 of its levels.
You also visited: Sewer.

You collected 760 gold pieces.

Inventory:

Hand Weapons
 a - a +7 battleaxe (weapon)
 b - a +0 war axe of flaming
 c - a +6 scythe of freezing
 j - a +0 short sword of speed
 r - a +1 flail of holy wrath
 H - a +2 quarterstaff of chaos
 Y - the +5 rapier of Big Damage {vorpal, Stlth+}
   (You found it on level 8 of the Dungeon)

   It inflicts extra damage upon your enemies.
   It makes you more stealthy.
 Z - a +2 vorpal halberd
Missiles
 d - 421 stones
 n - 51 bolts
 w - 11 boomerangs
 B - 3 silver boomerangs
 C - 151 sling bullets
 D - 327 arrows
 L - 3 throwing nets
 Q - 3 javelins
 V - 36 poisoned darts (quivered)
Armour
 h - a +1 chain mail of cold resistance (worn)
 I - a +0 cloak of poison resistance
 K - a +0 pair of gloves (worn)
 M - a scarf of invisibility (worn)
Magical Staves
 T - an uncursed staff of cold {unknown}
Jewellery
 o - a +6 ring of dexterity
 s - a ring of see invisible (left hand)
 O - a ring of protection from cold (right hand)
Wands
 z - a wand of enslavement (9)
 G - a wand of random effects (34)
 N - a wand of iceblast (9)
Scrolls
 f - 3 scrolls of remove curse
 g - 2 scrolls of magic mapping
 l - 4 scrolls of enchant armour
 p - 2 scrolls of fog
 q - 3 scrolls of enchant weapon
 t - 9 scrolls of teleportation
 u - a scroll of summoning
 v - 2 scrolls of immolation
 y - a scroll of blinking
 A - 4 scrolls of random uselessness {unknown}
 P - a scroll of holy word {unknown}
 R - 2 scrolls of fear
 U - a scroll of noise {unknown}
Potions
 e - 4 potions of curing
 i - a potion of ambrosia
 k - a potion of haste
 m - 3 potions of resistance
 x - 3 potions of flight
 E - 4 potions of heal wounds
 F - 2 potions of lignification
 J - a potion of might {unknown}
 S - a potion of cancellation


   Skills:
 + Level 10.4 Fighting
 * Level 14.5(15.7) Axes
 + Level 10.7(13.9) Polearms
 + Level 1.2 Throwing
 + Level 11.1 Armour
 + Level 4.9 Dodging
 + Level 1.4 Stealth
   Level 1.2 Shields
 + Level 0.5 Evocations


You had 11 spell levels left.
You didn't know any spells.
Your spell library contained the following spells:

 Spells                   Type           Power        Failure   Level
 Beastly Appendage        Tmut           #.....       95%         1
 Wereblood                Tmut           #.......     98%         2
 Confusing Touch          Hex            #.......     100%        3
 Gell's Gravitas          Tloc           #.........   100%        3
 Spider Form              Tmut/Pois      #.........   100%        3
 Ice Form                 Ice/Tmut       #.......     100%        4
 Petrify                  Tmut/Erth      #.......     100%        4
 Blade Hands              Tmut           #.........   100%        5
 Metabolic Englaciation   Hex/Ice        #.........   100%        5
 Yara's Violent Unravell  Hex/Tmut       #.........   100%        5


Dungeon Overview and Level Annotations

Branches:
Dungeon (13/15)            Temple (1/1) D:4            Lair (0/6) D:9
  Sewer (visited)
    Orc: D:9-12      Vaults: D:13-14

Altars:
Ashenzari
Cheibriados
Dithmenos
Elyvilon
Fedhas
Gozag
Hepliaklqana
Kikubaaqudgha
Makhleb
Nemelex Xobeh
Okawaru
Qazlal
Ru
Sif Muna
Trog
Uskayaw
Vehumet
Wu Jian
Xom
Yredelemnul
Zin
The Shining One
Jiyva

Shops:
D:9 [

Annotations:
D:10 2 transporters


Innate Abilities, Weirdness & Mutations

You reflexively headbutt those who attack you in melee.
You have a pair of horns on your head.


Message History

Aim: a red ugly thing (moderately wounded) Attack!
The bullfrog hits your iron troll but does no damage.
Your iron troll bites the red ugly thing!!!
Your iron troll claws the red ugly thing!
The red ugly thing dies!
Trog accepts your kill.
Your skin crawls.
You feel resistant to hostile enchantments.
Your iron troll bites the red ugly thing!!
Your iron troll claws the red ugly thing!! x2
The red ugly thing dies!
Trog accepts your kill.
The jelly jiggles.
Your iron troll bites the jelly!!
The jelly dies!
Trog accepts your kill.
The orc priest invokes the aid of Beogh against you.
Beogh smites you!
You die...

#.......'.......#
#.......#.>.....#########
#.)))...#...............#
###'#####...............#
#.......#...............#
#.......#...............#
#.......#...............#
#[......#...............#
#.......#.......@.......#
#######'#.......T.......###
......^....##+###F##......#
...........#.....yo#......#
...........#.......#......#
...........+.......#......#
...........#.......#......#
######.....#.......#......#
# #.....#.......#......#


You could see a vampire mosquito, a bullfrog, an orc priest and a friendly iron
troll (summoned, berserk).

Vanquished Creatures
  Harold (D:7)
  Erica (D:8)
  4 two-headed ogres
  2 unseen horrors (D:11)
  2 centaur zombies (D:12)
  A gargoyle (D:11)
  A komodo dragon (D:9)
  3 trolls
  Grinder (D:5)
  Sigmund (D:6)
  A wyvern (D:12)
  7 yaks
  Grum (D:8)
  Eustachio (D:4)
  A vampire mosquito (D:12)
  A warg (D:12)
  A soldier ant (D:12)
  A water moccasin (D:9)
  Duvessa (D:4)
  6 black bears
  7 orc warriors
  2 sky beasts
  An eye of draining (D:8)
  A hornet zombie (D:8)
  3 ice beasts
  4 ogres
  2 wolves (D:7)
  10 centaurs
  2 big kobolds
  A wyvern zombie (D:10)
  6 bullfrogs
  Dowan (D:4)
  A water moccasin skeleton (D:6)
  4 scorpions
  16 killer bees
  6 wights
  8 electric eels (D:8)
  5 howler monkeys
  2 bullfrog zombies
  4 hounds
  5 quasits
  11 orc priests
  Crazy Yiuf (D:2)
  A centaur skeleton (D:7)
  6 jellies
  16 orc wizards
  4 bullfrog skeletons
  4 iguanas
  7 worker ants
  A hound skeleton (D:8)
  3 worker ant zombies
  7 gnolls
  10 adders
  2 shadow imps
  An ufetubus (D:6)
  4 oozes (Sewer)
  6 worms
  3 dart slugs
  13 leopard geckos
  47 orcs
  A ball python (D:4)
  12 giant cockroaches
  7 goblins
  8 hobgoblins
  18 jackals
  11 kobolds
  3 quokkas
  13 bats
  14 frilled lizards
  A jackal zombie (D:6)
  2 leopard gecko skeletons (D:5)
  9 rats
375 creatures vanquished.

Vanquished Creatures (collateral kills)
  2 ugly things (D:12)
  A troll (D:10)
  2 yaks (D:11)
  2 orc warriors
  An ice beast (D:11)
  An eye of draining (D:11)
  A wight (D:10)
  A howler monkey (D:10)
  An orc wizard (D:10)
  A quasit (D:10)
  A jelly (D:12)
  A leopard gecko (D:11)
  6 orcs
  3 jackals (D:10)
24 creatures vanquished.

Vanquished Creatures (others)
  An ice beast (D:5)
  An iguana (D:5)
  An adder (D:8)
  A shadow imp (D:8)
  An adder zombie (D:8)
  An orc (D:8)
  57 fungi (D:9)
  98 plants
161 creatures vanquished.

Grand Total: 560 creatures vanquished

Notes
Turn   | Place    | Note
-------+----------+-------------------------------------------
     0 | D:1      | snetch the Minotaur Berserker began the quest for the Orb.
     0 | D:1      | Reached XP level 1. HP: 19/19 MP: 0/0
   169 | D:1      | Reached skill level 4 in Axes
   169 | D:1      | Reached XP level 2. HP: 27/27 MP: 1/1
   461 | D:1      | Reached ** piety under Trog
   461 | D:1      | Reached XP level 3. HP: 30/33 MP: 2/2
   993 | D:3      | Reached skill level 5 in Axes
   993 | D:3      | Reached XP level 4. HP: 22/41 MP: 3/3
  1094 | D:3      | Reached XP level 5. HP: 27/47 MP: 4/4
  1131 | D:3      | Reached skill level 6 in Axes
  1261 | D:3      | Found a glowing drain.
  1267 | Sewer    | Entered a sewer
  1270 | Sewer    | Reached *** piety under Trog
  2449 | D:2      | Found a runed translucent door.
  2450 | D:2      | Noticed Crazy Yiuf
  2461 | D:2      | Killed Crazy Yiuf
  2461 | D:2      | Reached skill level 5 in Fighting
  2617 | D:4      | Reached XP level 6. HP: 56/56 MP: 5/5
  2629 | D:4      | Reached skill level 7 in Axes
  2631 | D:4      | Reached **** piety under Trog
  2648 | D:4      | Noticed Eustachio
  2699 | D:4      | Killed Eustachio
  2699 | D:4      | Reached skill level 8 in Axes
  2699 | D:4      | Reached XP level 7. HP: 61/61 MP: 6/6
  3274 | D:4      | Found a staircase to the Ecumenical Temple.
  3279 | D:4      | Noticed Duvessa
  3279 | D:4      | Noticed Dowan
  3294 | D:4      | Killed Duvessa
  3295 | D:4      | Killed Dowan
  3324 | D:4      | Found an iron altar of Okawaru.
  3403 | D:5      | Entered Level 5 of the Dungeon
  3489 | D:5      | Noticed Grinder
  3490 | D:5      | Paralysed by Grinder for 4 turns
  3507 | D:5      | Killed Grinder
  3507 | D:5      | Reached skill level 9 in Axes
  3507 | D:5      | Reached skill level 5 in Armour
  3507 | D:5      | Reached XP level 8. HP: 53/70 MP: 7/7
  3809 | D:4      | Found an opulent altar of Gozag.
  3880 | Temple   | Entered the Ecumenical Temple
  4541 | D:5      | Found an ancient bone altar of Kikubaaqudgha.
  4619 | D:5      | Found a radiant altar of Vehumet.
  4744 | D:5      | Found an ornate altar of the Wu Jian Council.
  4745 | D:5      | Found a white marble altar of Elyvilon.
  4925 | D:6      | Reached skill level 10 in Axes
  4955 | D:6      | Noticed Sigmund
  4973 | D:6      | Killed Sigmund
  5403 | D:6      | Reached skill level 1 in Shields
  5540 | D:6      | Reached skill level 1 in Polearms
  5719 | D:6      | Reached XP level 9. HP: 72/79 MP: 8/8
  6051 | D:7      | Noticed a two-headed ogre
  6055 | D:7      | Killed a two-headed ogre
  6059 | D:8      | Noticed Harold
  6076 | D:7      | Killed Harold
  6478 | D:8      | Noticed Grum
  6584 | D:7      | Reached ***** piety under Trog
  6589 | D:7      | Reached XP level 10. HP: 37/88 MP: 9/9
  6894 | D:8      | Killed Grum
  7579 | D:7      | Found a glowing golden altar of the Shining One.
  7710 | D:8      | Got an encrusted rapier
  9051 | D:8      | Received a gift from Trog
  9165 | D:9      | Reached skill level 1 in Throwing
  9207 | D:9      | Noticed Erica
  9213 | D:8      | Reached skill level 10 in Polearms
  9551 | D:8      | Killed Erica
  9919 | D:9      | Reached XP level 11. HP: 55/97 MP: 7/10
  9920 | D:9      | Found Camea's Antique Armour Emporium.
  9955 | D:9      | Found a staircase to the Lair.
 10001 | D:9      | Reached skill level 11 in Axes
 10001 | D:9      | Reached skill level 1 in Stealth
 10047 | D:8      | Identified the +5 rapier of Big Damage {vorpal, Stlth+}
                  | (You found it on level 8 of the Dungeon)
 10049 | D:8      | Upgraded the game from 0.26-a0-661-g406de6ba63 to
                  | 0.26-a0-662-g8b9c6dab81
 10264 | D:8      | Found a shimmering blue altar of Sif Muna.
 11147 | D:9      | Reached skill level 10 in Armour
 11222 | D:9      | Found a viscous altar of Jiyva.
 11494 | D:10     | Entered Level 10 of the Dungeon
 11848 | D:10     | Found a broken altar of Ashenzari.
 11969 | D:10     | Reached skill level 12 in Axes
 12119 | D:10     | Found a transporter.
 12122 | D:10     | Noticed a fire crab
 12128 | D:10     | Noticed a deep elf archer
 12132 | D:10     | Found a transporter.
 12228 | D:11     | Noticed an unseen horror
 12230 | D:11     | Noticed an unseen horror
 12235 | D:11     | Killed an unseen horror
 12238 | D:11     | Killed an unseen horror
 12957 | D:11     | Reached skill level 13 in Axes
 13137 | D:11     | Noticed a two-headed ogre
 13146 | D:11     | Killed a two-headed ogre
 13146 | D:11     | Reached skill level 10 in Fighting
 13154 | D:11     | Found a stormy altar of Qazlal.
 13420 | D:11     | Noticed a two-headed ogre
 13454 | D:11     | Killed a two-headed ogre
 13454 | D:11     | Reached XP level 12. HP: 68/106 MP: 11/11
 13616 | D:12     | Reached skill level 14 in Axes
 13830 | D:11     | Noticed a two-headed ogre
 13837 | D:11     | Killed a two-headed ogre
 14086 | D:12     | Killed from afar by an orc priest

Illustrated notes

Levels and vault maps discovered:
D:1:      scummos_arrival_star, layout_basic
D:2:      layout_rooms, minmay_lizard_king, uniq_crazy_yiuf_cottage
D:3:      layout_basic, gup_sewer_entry_spiral
D:4:      layout_rooms, nicolae_overflow_crystal_walls,
          minmay_temple_entry_junction, kennysheep_small_spiral, st_stairs_2,
          okawaru_trees_1, uniq_eustachio, uniq_duvessa
D:5:      layout_rooms, overflow_temple_1_default,
          gammafunk_temple_overflow_statue, old_standard_altar,
          lemuel_flamethrower_2, uniq_grinder
D:6:      layout_loops_ring, kennysheep_generic_room_6, uniq_sigmund
D:7:      layout_cave_pools, tso_metal_star, amethyst_killhole,
          grunt_decor_resistance
D:8:      kennysheep_orc_sif_temple, layout_basic, serial_bayou,
          serial_bayou_crossing, serial_bayou_shore_a, serial_bayou_lake_a,
          serial_bayou_shore_b, uniq_grum, uniq_harold
D:9:      kennysheep_ambush_hall, layout_cross, due_lair_maze_entry_diamond,
          serial_shops, shop, minmay_misc_feat_four_crosses, jiyva_altar_1,
          uniq_erica
D:10:     gammafunk_sealed_arena, layout_basic, minmay_variable_closet,
          lemuel_altar_in_water
D:11:     layout_long_grid, grunt_qazlal_sundering
D:12:     layout_gridville, erik_orc_4, serial_shops, shop
D:13:     layout_small_grid, special_room [special_room_bee], uniq_frances
Temple:   eino_temple_rhombus

Skill      XL: |  1  2  3  4  5  6  7  8  9 10 11 12 |
---------------+-------------------------------------+-----
Fighting       | 4 5 6 7 8 9 10 | 10.4
Axes           | 4 5 6 8 9 10 13 14 | 14.5
Armour         | 3 4 5 6 8 9 10 11 | 11.1
Dodging        | 3 4 |  4.9
Shields        | 1 |  1.2
Polearms       | 1 7 10 | 10.7
Throwing       | 1 |  1.2
Stealth        | 1 |  1.4
Evocations     | |  0.5

Action                   |  1- 3 |  4- 6 |  7- 9 | 10-12 || total
-------------------------+-------+-------+-------+-------++-------
Melee: Hand axe          |   103 |   165 |   127 |       ||   395
       Headbutt          |    12 |    22 |    51 |    57 ||   142
       Scythe            |       |       |    92 |   105 ||   197
       Unarmed           |       |       |    14 |       ||    14
       War axe           |       |       |       |    30 ||    30
       Battleaxe         |       |       |       |   200 ||   200
Throw: Dart              |       |       |     3 |     6 ||     9
Invok: Berserk           |       |     4 |     3 |     3 ||    10
       Trog's Hand       |       |     2 |     3 |     2 ||     7
       Brothers in Arms  |       |       |       |     3 ||     3
 Abil: Evoke Invisibilit |       |       |       |     3 ||     3
Evoke: Wand              |       |     2 |       |     1 ||     3
  Use: Scroll            |       |     9 |    11 |     4 ||    24
       Potion            |       |     3 |       |     2 ||     5
 Stab: Invisible         |       |       |       |     3 ||     3
Armor: Animal skin       |     2 |       |       |       ||     2
       Chain mail        |    55 |   120 |   168 |   235 ||   578
Dodge: Dodged            |    53 |    76 |   192 |   286 ||   607
Block: Buckler           |       |       |    11 |       ||    11

Table legend: (Time is in decaauts)
 A = Elapsed time spent in this place.
 B = Non-inter-level travel time spent in this place.
 C = Inter-level travel time spent in this place.
 D = Time resting spent in this place.
 E = Time spent auto-exploring this place.
 F = Levels seen in this place.
 G = Mean time per level.
                   A        B        C        D        E       F      G
               +--------+--------+--------+--------+--------+-----+--------+
         Total |  14535 |  14055 |    480 |   2260 |   7385 |  15 |  969.0 |
       Dungeon |  13591 |  13125 |    466 |   2260 |   6752 |  13 | 1045.5 |
        Temple |    121 |    107 |     14 |      0 |    106 |   1 |  121.0 |
         Sewer |    822 |    822 |      0 |      0 |    526 |   1 |  822.0 |
               +--------+--------+--------+--------+--------+-----+--------+

Top non-repeatable levels by time:
     D:8: 3590 daAuts
     D:7: 1457 daAuts
    D:10: 1285 daAuts
     D:6: 1162 daAuts
     D:3: 1128 daAuts
    D:11: 1037 daAuts
     D:5: 920 daAuts
   Sewer: 822 daAuts
     D:2: 745 daAuts
     D:4: 705 daAuts
     D:9: 696 daAuts
     D:1: 618 daAuts
    D:12: 231 daAuts
  Temple: 121 daAuts
    D:13: 12 daAuts
